 Dungeon Crawl Stone Soup version 0.24.1-4-ge52af88ad5 (webtiles) character file.

Game seed: 7767024143477517280, levelgen mode: deterministic

1568 funkygono the Shield-Bearer (level 8, -10/50 HPs)
             Began as a Gargoyle Fighter on Apr 19, 2020.
             Mangled by an ice beast (13 damage)
             ... on level 6 of the Dungeon.
             The game lasted 00:11:24 (5305 turns).

funkygono the Shield-Bearer (Gargoyle Fighter)      Turns: 5305, Time: 00:11:24

Health: -10/50     AC: 22    Str: 21    XL:     8   Next: 90%
Magic:  8/8        EV:  5    Int: 10    God:
Gold:   237        SH: 11    Dex:  9    Spells: 7/7 levels left

rFire    . . .     SeeInvis .   g - +3 whip
rCold    . . .     Gourm    .   c - +1 shield
rNeg     + . .     Faith    .   D - +0 plate armour
rPois    ∞         Spirit   .   o - +0 helmet
rElec    +         Reflect  .   t - +0 cloak
rCorr    .         Harm     .   C - +0 pair of gloves
MR       .....     Rnd*Tele +   e - +0 pair of boots
Stlth    ..........             (no amulet)
HPRegen  0.16/turn              E - ring of flight
MPRegen  0.11/turn              x - ring of teleportation (curse)

@: no status effects
A: negative energy resistance 1, electricity resistance, unbreathing,
petrification resistance, rot immunity, AC +5
a: Evoke Flight


You were on level 6 of the Dungeon.
You were hungry.

You visited 1 branch of the dungeon, and saw 6 of its levels.

You collected 237 gold pieces.

Inventory:

Hand Weapons
 a - a +1 flail
 g - a +3 whip (weapon)
 s - a +2 quarterstaff of chaos
Missiles
 m - 49 bolts
 p - 210 stones (quivered)
 v - 79 arrows
Armour
 b - a +0 scale mail
 c - a +1 shield (worn)
 e - a +0 pair of boots (worn)
 o - a +0 helmet (worn)
 t - a +0 cloak (worn)
 u - a +0 chain mail
 C - a +0 pair of gloves (worn)
 D - a +0 plate armour (worn)
Jewellery
 j - an uncursed ring of positive energy
 x - a cursed ring of teleportation (right hand)
 E - a ring of flight (left hand)
Wands
 r - a wand of flame (18)
Scrolls
 l - 3 scrolls of teleportation
 y - a scroll of immolation {unknown}
 B - a scroll of identify
Potions
 d - a potion of might
 h - 4 potions of curing
 i - a potion of resistance
 k - 2 potions of flight
 n - a potion of heal wounds
 q - a potion of lignification
 w - a potion of agility
 z - a potion of brilliance
 A - a potion of magic
Comestibles
 f - 5 rations


   Skills:
 + Level 5.4 Fighting
 + Level 7.1 Maces & Flails
 + Level 5.3 Armour
 + Level 1.5 Dodging
 + Level 1.1 Stealth
 + Level 7.1 Shields


You had 7 spell levels left.
You didn't know any spells.
Your spell library was empty.

Dungeon Overview and Level Annotations

Branches:
Dungeon (6/15)
 Temple: D:4-7

Altars:
Cheibriados
Ru
Yredelemnul


Innate Abilities, Weirdness & Mutations

You are resistant to torment.
Your stone body is resilient. (AC +5)
You are immune to poison.
You resist negative energy. (rN+)
You are resistant to electric shocks. (rElec)
You can survive without breathing.
You are immune to petrification.
You are immune to rotting.


Message History

The iguana bites you but does no damage.
You whack the iguana!
The iguana is severely wounded.
You hit the iguana but do no damage.
The iguana is severely wounded.
You block the iguana's attack.
You hit the iguana.
You kill the iguana!
Your plate armour prevents you from hitting the ice beast.
The ice beast hits you but does no damage.
You are feeling hungry.
You hit the ice beast but do no damage. You completely miss the ice beast.
The ice beast hits you.
* * * LOW HITPOINT WARNING * * *
The ice beast freezes you!
* * * LOW HITPOINT WARNING * * *
You closely miss the ice beast. The ice beast hits you.
* * * LOW HITPOINT WARNING * * *
The ice beast freezes you!
You die...

#.......# #.# #.#
#.# #.......# #.#
#.####.#
#.......# #.#
#......#
##..##### #.#
######## ##.# #.#
#)## #.# #..# #.#
##.## #.# #..#
#@# ##.# #Y# #.##
#)# ###..##
#.....# #.....#
.......#
#.....##.......$#
#.....##........#
#.....##......###
####..#......##


You could see an ice beast.

Vanquished Creatures
  Menkaure (D:5)
  A water moccasin (D:6)
  An ice beast (D:6)
  2 ogres (D:6)
  A centaur (D:6)
  Blork the orc (D:3)
  A crimson imp (D:5)
  A bullfrog zombie (D:5)
  2 hounds (D:6)
  3 orc priests (D:6)
  Crazy Yiuf (D:2)
  2 jellies
  A gnoll shaman (D:5)
  4 orc wizards
  A bullfrog skeleton (D:5)
  3 iguanas
  4 worker ants
  Robin (D:2)
  4 gnolls (D:5)
  9 adders
  A shadow imp (D:5)
  An adder skeleton (D:5)
  An adder zombie (D:5)
  4 worms
  2 dart slugs
  4 leopard geckos
  20 orcs
  A ball python (D:3)
  4 bats
  6 giant cockroaches
  16 goblins
  5 hobgoblins
  12 jackals
  6 quokkas
  4 frilled lizards
  4 kobolds
  9 rats
144 creatures vanquished.

Vanquished Creatures (others)
  A goblin (D:2)
1 creature vanquished.

Grand Total: 145 creatures vanquished

Notes
Turn   | Place    | Note
-------+----------+-------------------------------------------
     0 | D:1      | funkygono the Gargoyle Fighter began the quest for the Orb.
     0 | D:1      | Reached XP level 1. HP: 14/14 MP: 1/1
    73 | D:1      | Reached XP level 2. HP: 19/19 MP: 2/2
   284 | D:1      | Reached XP level 3. HP: 18/23 MP: 3/3
  1187 | D:2      | Reached XP level 4. HP: 24/29 MP: 4/4
  1214 | D:2      | Noticed Robin
  1262 | D:2      | Killed Robin
  1274 | D:2      | Reached XP level 5. HP: 14/33 MP: 5/5
  1465 | D:2      | Found a sacrificial altar of Ru.
  1721 | D:2      | Found a runed translucent door.
  1722 | D:2      | Noticed Crazy Yiuf
  1803 | D:2      | Killed Crazy Yiuf
  2127 | D:3      | Found a basalt altar of Yredelemnul.
  2452 | D:3      | Found a snail-covered altar of Cheibriados.
  2493 | D:4      | Noticed Blork the orc
  2511 | D:3      | Killed Blork the orc
  2511 | D:3      | Reached skill level 1 in Dodging
  2511 | D:3      | Reached XP level 6. HP: 15/38 MP: 6/6
  3602 | D:5      | Entered Level 5 of the Dungeon
  3617 | D:5      | Reached skill level 5 in Shields
  3639 | D:5      | Reached skill level 1 in Stealth
  3639 | D:5      | Reached XP level 7. HP: 44/44 MP: 7/7
  3918 | D:5      | Reached skill level 5 in Maces & Flails
  4077 | D:5      | Noticed Menkaure
  4088 | D:5      | Killed Menkaure
  4088 | D:5      | Reached XP level 8. HP: 23/48 MP: 8/8
  4663 | D:6      | Reached skill level 5 in Fighting
  4887 | D:6      | Reached skill level 5 in Armour
  5305 | D:6      | Mangled by an ice beast

Levels and vault maps discovered:
D:1:      shiori_arrival_maze, layout_basic
D:2:      layout_loops_ring, first_ration, hangedman_ru_absence,
          uniq_crazy_yiuf_cottage, uniq_robin
D:3:      minmay_spotlight, layout_rooms, nicolae_overflow_hidden_temple,
          lemuel_altar_in_water
D:4:      layout_cave_pods, uniq_blork_the_orc
D:5:      layout_rooms, uniq_menkaure
D:6:      layout_basic

Skill      XL: |  1  2  3  4  5  6  7  8 |
---------------+-------------------------+-----
Fighting       | 4 5 |  5.4
Shields        | 4 5 7 |  7.1
Maces & Flails | 3 4 5 7 |  7.1
Armour         | 4 5 |  5.3
Dodging        | 1 |  1.5
Stealth        | 1 |  1.1

Action                   |  1- 3 |  4- 6 |  7- 9 || total
-------------------------+-------+-------+-------++-------
Melee: Flail             |   134 |   238 |       ||   372
       Whip              |       |    30 |   357 ||   387
  Use: Scroll            |     4 |     5 |     3 ||    12
 Stab: Invisible         |       |     1 |       ||     1
  Eat: Chunk             |     1 |     8 |     6 ||    15
Armor: Scale mail        |    78 |   111 |       ||   189
       Chain mail        |       |    11 |    41 ||    52
       Plate armour      |       |       |   114 ||   114
Dodge: Dodged            |    49 |    94 |    59 ||   202
Block: Shield            |    80 |   147 |   156 ||   383
